 Dungeon Crawl Stone Soup version 0.28.0-43-g3370ac3207 (webtiles) character file.

Game seed: 16786750521248465735

416 spiecas the Poker (level 6, -3/70 HPs)
             Began as a Merfolk Gladiator on Mar 7, 2022.
             Slain by Pikel
             ... wielding a +2 whip of freezing
              (7 damage)
             ... on level 4 of the Dungeon.
             The game lasted 00:21:39 (6180 turns).

spiecas the Poker (Merfolk Gladiator)               Turns: 6180, Time: 00:21:39

Health: -3/70      AC: 23    Str: 13 (14) XL:     6   Next: 92%
Magic:  6/6        EV:  2    Int:  5 (7)  God:
Gold:   199        SH:  0    Dex: 17 (18) Spells: 5/5 levels left

rFire   . . .      SeeInvis .   y - +0 halberd
rCold   . . .      Faith    .   (shield currently unavailable)
rNeg    . . .      Spirit   .   (armour currently unavailable)
rPois   +          Reflect  .   (helmet currently unavailable)
rElec   .          Harm     .   (cloak currently unavailable)
rCorr   .          Rampage  .   (gloves currently unavailable)
Will    .....      NoTele   +   (boots currently unavailable)
Stlth   ++........              (no amulet)
HPRegen 0.21/turn               (no ring)
MPRegen 0.10/turn               (no ring)

@: mighty, tree-form
A: stationary, stasis, torment immunity, boosted hp, (nimble swimmer 2),
(mertail)
a: no special abilities


You were on level 4 of the Dungeon.
You were a tree.
You visited 1 branch of the dungeon, and saw 5 of its levels.

You collected 199 gold pieces.

Inventory:

Hand Weapons
 a - a +0 trident
 h - a +1 dagger of venom
 y - a +0 halberd (weapon)
 B - a +2 falchion of draining
Missiles
 d - 3 throwing nets
 e - 5 boomerangs (quivered)
 u - 22 poisoned darts
Armour
 b - a +0 leather armour (melded)
 c - a +0 helmet (melded)
 g - a +0 scale mail
 i - a +2 pair of gloves
 q - a +0 cloak (melded)
Jewellery
 o - an amulet of faith
Scrolls
 f - 3 scrolls of teleportation
 p - a scroll of amnesia
 t - a scroll of fog
 v - a scroll of vulnerability
 w - 2 scrolls of immolation {unknown}
 z - a scroll of holy word {unknown}
Potions
 j - 3 potions of flight
 k - a potion of magic {unknown}
 l - a potion of attraction
 m - a potion of degeneration
 r - a potion of haste
 s - a potion of lignification
 x - a potion of heal wounds
 A - a potion of ambrosia {unknown}


   Skills:
 + Level 3.5 Fighting
 + Level 2.1 Short Blades
 + Level 7.2 Polearms
 + Level 2.1 Throwing
 + Level 1.6 Armour
 * Level 5.7 Dodging
 + Level 1.7 Stealth


You had 5 spell levels left.
You didn't know any spells.
Your spell library contained the following spells:

 Spells                   Type           Power      Damage    Failure   Level
 Beastly Appendage        Tmut           0%         N/A       47%         1
 Magic Dart               Conj           0%         1d3       47%         1
 Call Imp                 Summ           0%         N/A       63%         2
 Wereblood                Tmut           0%         N/A       63%         2
 Mephitic Cloud           Conj/Pois/Air  0%         N/A       85%         3
 Spider Form              Tmut/Pois      0%         N/A       85%         3


Dungeon Overview and Level Annotations

Branches:
Dungeon (5/15)
 Temple: D:4-7

Altars:

Annotations:
D:4 Pikel


Innate Abilities, Weirdness & Mutations

You are a tree.
Your roots penetrate the ground, keeping you stationary.
You cannot be teleported.
You are immune to unholy pain and torment.
Your maximum health is greatly increased.
Your equipment is partially melded.
((You are very nimble when in or above water. (Stealth+, EV+, Speed+++)))
((Your lower body shifts to a powerful aquatic tail in water.))


Message History

* * * LOW HITPOINT WARNING * * *
You feel sick. The lemure barely misses you. Pikel hits you but does no damage.
It was a potion of degeneration.
There was something very wrong with that liquid.
You feel weakened.
You feel dopey.
You feel clumsy.
* * * LOW HITPOINT WARNING * * *
You feel sick. The lemure hits you but does no damage.
Pikel hits you but does no damage.
It was a potion of heal wounds.
You feel much better.
You feel sick.
You are no longer poisoned.
The lemure hits you but does no damage. Pikel hits you but does no damage.
You puncture Pikel!
Pikel is moderately wounded.
The lemure hits you.
* * * LOW HITPOINT WARNING * * *
Pikel hits you but does no damage.
You hit Pikel.
Pikel is moderately wounded.
The lemure hits you but does no damage. Pikel hits you but does no damage.
You slash Pikel!
Pikel is severely wounded.
The lemure hits you but does no damage.
Pikel hits you with a +2 whip of freezing.
* * * LOW HITPOINT WARNING * * *
Pikel freezes you.
* * * LOW HITPOINT WARNING * * *
Unknown command.
You slash Pikel!
Pikel is almost dead.
The lemure hits you but does no damage.
Pikel hits you with a +2 whip of freezing.
* * * LOW HITPOINT WARNING * * *
Pikel freezes you.
* * * LOW HITPOINT WARNING * * *
The lemure hits you but does no damage.
You completely miss Pikel.
Pikel is almost dead.
Pikel waves his whip at you.
Pikel hits you with a +2 whip of freezing!
You die...

.....#.# #.#
.###.#.# #.#
.#.#.#.# #.#
.#.#.#.# #.#
.#...#(# #.#
.#.###.# #.#
.......# #B#
##.#############5#
..............sK♣#
##'###############
....# ....# ....#
....##########
.............#
##.#########.#
##.# #.#


You could see Pikel, a lemure, a scorpion and a giant cockroach.

Vanquished Creatures
  A hound (D:3)
  A bullfrog skeleton (D:4)
  2 orc wizards (D:4)
  An iguana (D:5)
  A hound skeleton (D:4)
  9 adders
  4 gnolls
  A howler monkey skeleton (D:4)
  An ufetubus (D:4)
  A worm (D:4)
  2 dart slugs (D:4)
  17 orcs
  9 ball pythons
  6 endoplasms
  4 giant cockroaches
  10 goblins
  14 hobgoblins
  5 jackals
  16 kobolds
  2 quokkas (D:2)
  5 bats
  3 rats
115 creatures vanquished.

Vanquished Creatures (others)
  A plant (D:4)
1 creature vanquished.

Grand Total: 116 creatures vanquished

Notes
Turn   | Place    | Note
-------+----------+-------------------------------------------
     0 | D:1      | spiecas the Merfolk Gladiator began the quest for the Orb.
     0 | D:1      | Reached XP level 1. HP: 16/16 MP: 1/1
   319 | D:2      | Reached XP level 2. HP: 23/23 MP: 2/2
   936 | D:2      | Reached skill level 1 in Short Blades
   947 | D:2      | Reached XP level 3. HP: 26/28 MP: 3/3
  1172 | D:2      | Reached skill level 5 in Polearms
  1253 | D:2      | Reached skill level 1 in Stealth
  1253 | D:2      | Reached XP level 4. HP: 19/34 MP: 4/4
  1264 | D:2      | Found a faded altar of an unknown god.
  2624 | D:3      | Reached skill level 1 in Armour
  2624 | D:3      | Reached XP level 5. HP: 36/39 MP: 5/5
  2652 | D:3      | Reached skill level 5 in Dodging
  3340 | D:4      | Reached skill level 6 in Polearms
  3734 | D:4      | Reached XP level 6. HP: 43/46 MP: 6/6
  5453 | D:4      | Reached skill level 7 in Polearms
  5915 | D:5      | Entered Level 5 of the Dungeon
  5990 | D:5      | Noticed Pikel
  6171 | D:4      | HP: 2/47 [lemure[Pikel] (8)]
  6180 | D:4      | Slain by Pikel

Illustrated notes

Levels and vault maps discovered:
D:1:      dpeg_arrival_chambers_temple_mockup, layout_rooms, serial_glass,
          glass_columns_b, glass_columns_a
D:2:      layout_rooms, basic_ecumenical_altar, kennysheep_potato
D:3:      minmay_door_path, layout_rooms, mrwooster_statue_mirror,
          grunt_ministairs_1, kennysheep_pointless_box, dk_vineyard_3,
          minmay_quadrilaterals
D:4:      corexii_shantytown, layout_basic, nzn_random_ring, uniq_eustachio
D:5:      layout_rooms, gammafunk_ghost_necromancy, uniq_pikel

Skill      XL: |  1  2  3  4  5  6 |
---------------+-------------------+-----
Short Blades   | 1 2 |  2.1
Polearms       | 5 6 7 |  7.2
Stealth        | 1 |  1.7
Armour         | 1 |  1.6
Dodging        | 5 |  5.7
Fighting       | 3 |  3.5
Throwing       | |  2.1

Action                   |  1- 3 |  4- 6 || total
-------------------------+-------+-------++-------
Melee: Trident           |    59 |   261 ||   320
       Dagger            |    52 |       ||    52
       Punch             |       |     6 ||     6
       Halberd           |       |   104 ||   104
Throw: Boomerang         |       |     9 ||     9
  Use: Scroll            |     2 |     8 ||    10
       Potion            |       |     5 ||     5
 Stab: Sleeping          |     1 |     4 ||     5
Armor: Scale mail        |    84 |   139 ||   223
       Leather armour    |       |    19 ||    19
       Skin              |       |    13 ||    13
Dodge: Dodged            |   111 |   227 ||   338
